 Dungeon Crawl Stone Soup version 0.22.1-6-g1668fe2 (webtiles) character file.

395 infcreate the Conjurer (level 6, -10/32 HPs)
             Began as a Deep Elf Conjurer on Jan 22, 2019.
             Mangled by Duvessa
             ... wielding a +0 rapier
              (12 damage)
             ... on level 4 of the Dungeon.
             The game lasted 00:19:35 (3674 turns).

infcreate the Conjurer (Deep Elf Conjurer)          Turns: 3674, Time: 00:19:35

Health: -10/32     AC:  7    Str:  5    XL:     6   Next: 52%
Magic:  5/17       EV: 13    Int: 22    God:
Gold:   264        SH:  0    Dex: 15    Spells: 11/17 levels left

rFire    . . .     SeeInvis .   (no weapon)
rCold    . . .     Gourm    .   (no shield)
rNeg     . . .     Faith    .   a - +0 robe
rPois    .         Spirit   .   m - +0 helmet
rElec    .         Reflect  .   (no cloak)
rCorr    .         Harm     .   q - +2 pair of gloves
MR       .....                  o - +0 pair of boots
Stlth    ++........             l - amulet of magic regeneration
HPRegen  0.10/turn              (no ring)
MPRegen  0.40/turn              (no ring)

@: flying
A: no striking features
a: no special abilities


You were on level 4 of the Dungeon.
You were hungry.

You visited 1 branch of the dungeon, and saw 4 of its levels.

You collected 264 gold pieces.

Inventory:

Armour
 a - a +0 robe (worn)
 m - a +0 helmet (worn)
 o - a +0 pair of boots (worn)
 q - a +2 pair of gloves (worn)
Jewellery
 l - an amulet of magic regeneration (around neck)
Scrolls
 d - a scroll of amnesia {unknown}
 f - 5 scrolls of remove curse
 i - a scroll of teleportation {unknown}
 j - 2 scrolls of immolation
 n - a scroll of blinking {unknown}
 p - 2 scrolls of identify
 r - a scroll of magic mapping {unknown}
Potions
 b - 3 potions of flight
 e - 2 potions of haste {unknown}
 g - 2 potions of degeneration {unknown}
 h - a potion of heal wounds {unknown}
 k - 2 potions of curing {unknown}
Comestibles
 c - 13 rations


   Skills:
 + Level 2.9 Dodging
 + Level 3.1 Stealth
 + Level 6.4 Spellcasting
 + Level 6.8 Conjurations


You had 11 spell levels left.
You knew the following spells:

 Your Spells              Type           Power        Failure   Level  Hunger
a - Magic Dart            Conj           ####         1%          1    None
b - Searing Ray           Conj           #####.       1%          2    None
c - Dazzling Spray        Conj/Hex       ###...       6%          3    #......

Your spell library contained the following spells:

 Spells                   Type           Power        Failure   Level  Hunger
 Iskenderun's Mystic Bla  Conj           #####...     5%          4    ###....
 Force Lance              Conj/Tloc      ###.....     22%         4    ###....
 Fulminant Prism          Conj/Hex       ###.......   22%         4    ###....


Dungeon Overview and Level Annotations

Branches:
Dungeon (4/15)
 Temple: D:4-7

Altars:
Elyvilon
Fedhas
Gozag

Annotations:
D:4 Duvessa


Message History

Duvessa closely misses you.
The searing ray hits Duvessa.
Duvessa is severely wounded.
Duvessa misses you. Duvessa hits you with a rapier!
Duvessa is no longer blind.
Duvessa rages.
Duvessa hits you but does no damage. Duvessa barely misses you.
Duvessa hits you but does no damage.
Duvessa rages.
Duvessa hits you with a rapier.
* * * LOW HITPOINT WARNING * * *
Duvessa hits you with a rapier.
* * * LOW HITPOINT WARNING * * *
Okay, then.
Okay, then.
It was a potion of flight.
You feel very buoyant.
You fly up into the air.
Duvessa hits you with a rapier!
You die...

..########.....#....# #....#.
..##....########....# #....#.
..'............#....# #....#.
####...........#....# #....##
...###'###.....#....# #####..
.........#.....#....# #..
.........#.....'....# #..
.........#.....#e...# #..
.........#.....#@...# #..
.........#####'#....# #..
####'##.........###############..
......#.........# ##..#....#.##รท
......'.........# #...'....#....
......#.........# #...#....#....
..#####.........# #####....#..##
..#######......## #......###..##
.....#..#(.....# #......#..(.#.


You could see Duvessa (berserk).

Vanquished Creatures
  A phantom (D:4)
  A big kobold (D:3)
  Dowan (D:4)
  An orc wizard (D:4)
  2 worker ants (D:4)
  Robin (D:3)
  A gnoll (D:1)
  An adder (D:2)
  An adder skeleton (D:3)
  A worm (D:2)
  A dart slug (D:4)
  4 orcs (D:4)
  8 bats
  3 giant cockroaches
  14 goblins
  11 hobgoblins
  3 jackals (D:3)
  13 kobolds
  A quokka (D:4)
  A ball python (D:3)
  4 frilled lizards
  7 rats
81 creatures vanquished.

Vanquished Creatures (others)
  A quokka (D:2)
1 creature vanquished.

Grand Total: 82 creatures vanquished

Notes
Turn   | Place    | Note
-------+----------+-------------------------------------------
     0 | D:1      | infcreate the Deep Elf Conjurer began the quest for the
                  | Orb.
     0 | D:1      | Reached XP level 1. HP: 10/10 MP: 6/6
   255 | D:1      | Reached XP level 2. HP: 15/15 MP: 1/8
   259 | D:1      | Learned a level 2 spell: Searing Ray
   511 | D:1      | Reached skill level 5 in Conjurations
   866 | D:1      | Reached XP level 3. HP: 19/19 MP: 5/9
  1321 | D:2      | Found a white marble altar of Elyvilon.
  1476 | D:2      | Found a blossoming altar of Fedhas.
  1667 | D:3      | Learned a level 3 spell: Dazzling Spray
  1885 | D:3      | Reached XP level 4. HP: 24/24 MP: 5/11
  1907 | D:3      | Noticed Robin
  1940 | D:3      | Killed Robin
  2057 | D:3      | Found an opulent altar of Gozag.
  2255 | D:3      | Noticed a big kobold
  2304 | D:3      | Killed a big kobold
  2304 | D:3      | Reached skill level 5 in Spellcasting
  2304 | D:3      | Reached XP level 5. HP: 15/28 MP: 9/14
  2499 | D:4      | Noticed a phantom
  2509 | D:4      | Killed a phantom
  2554 | D:4      | Reached XP level 6. HP: 27/32 MP: 6/16
  2941 | D:4      | Noticed Duvessa
  2941 | D:4      | Noticed Dowan
  3655 | D:4      | Killed Dowan
  3674 | D:4      | Mangled by Duvessa

Skill      XL: |  1  2  3  4  5  6 |
---------------+-------------------+-----
Conjurations   | 5 6 |  6.8
Spellcasting   | 5 6 |  6.4
Stealth        | 3 |  3.1
Dodging        | |  2.9

Action                   |  1- 3 |  4- 6 || total
-------------------------+-------+-------++-------
 Cast: Magic Dart        |    76 |    58 ||   134
       Searing Ray       |     2 |    15 ||    17
       Dazzling Spray    |       |     9 ||     9
  Use: Scroll            |     2 |     2 ||     4
       Potion            |       |     1 ||     1
  Eat: Chunk             |     3 |     5 ||     8
Armor: Robe              |     2 |     5 ||     7
Dodge: Dodged            |     4 |    20 ||    24
